 Dungeon Crawl Stone Soup version 0.30-a0-394-g3e4acdb0ae (webtiles) character file.

Game seed: 16425380712481079205

15089 zishaf the Fighter (level 12, -12/94 HPs)
             Began as a Djinni Venom Mage on Dec 6, 2022.
             Was the Champion of Makhleb.
             Mangled by a minotaur
             ... wielding the +6 quarterstaff of Diet Blood {speed, rElec rF++ Int-4 Dex+4}
              (18 damage)
             ... in a Gauntlet.
             The game lasted 00:24:13 (11156 turns).

zishaf the Fighter (Djinni Venom Mage)             Turns: 11156, Time: 00:24:14

Health: -12/94     AC: 15    Str:  3    XL:     12   Next: 53%
Gold:   230        EV: 16    Int: 24    God:    Makhleb [******] SH:  5 Dex: 14

rFire   + + .      SeeInvis +    a - staff of poison
rCold   x . .      Faith    .    (no shield)
rNeg    . . .      Spirit   .    q - +5 robe of Night {Dark Will+ SInv}
rPois   ∞          Reflect  +    h - +1 helmet
rElec   +          Harm     .    (no cloak)
rCorr   .          Rampage  .    e - +1 pair of gloves of Nettaopt {rElec Regen+ Int+2}
Will    ++...      NoTele   +    (boots unavailable)
Stlth   ++........               g - amulet of reflection
HPRegen 1.15/turn                k - +4 ring of protection
MPRegen 0.00/turn                o - +4 ring of evasion

@: flying, unable to read
A: sickness immunity, fire resistance 2, cold vulnerability 1, float, innate
caster, HP casting, extra vitality 1, [weak 2], [inability to read after injury
1]
a: Renounce Religion, Minor Destruction, Lesser Servant of Makhleb, Major
Destruction, Greater Servant of Makhleb


You were in a Gauntlet.
You worshipped Makhleb.
Makhleb was exalted by your worship.
You visited 1 branch of the dungeon, and saw 11 of its levels.
You also visited: Gauntlet.

You collected 590 gold pieces.
You spent 360 gold pieces at shops.

Inventory:

Hand Weapons
 b - the +10 morningstar "Pirhuaji" {vorpal, rF++ Int+4}
   (You found it on level 10 of the Dungeon)

   It inflicts extra damage upon your enemies.
   Int:       It affects your intelligence (+4).
   rF:        It greatly protects you from fire.
 x - a +2 dagger of venom
 B - a +2 falchion of electrocution
Missiles
 C - 3 throwing nets
Armour
 e - the +1 pair of gloves of Nettaopt (worn) {rElec Regen+ Int+2}
   (You bought it in a shop on level 10 of the Dungeon)

   Int:       It affects your intelligence (+2).
   rElec:     It insulates you from electricity.
   Regen:     It increases your rate of health regeneration.
 h - a +1 helmet (worn)
 q - the +5 robe of Night (worn) {Dark Will+ SInv}
   (You found it on level 7 of the Dungeon)

   It shrouds the wearer in darkness, reducing the range at which they can see
   and be seen by others.
   SInv:      It lets you see invisible.
   Will:      It increases your willpower.
 z - a +1 ring mail of cold resistance
Magical Staves
 a - a staff of poison (weapon)
Jewellery
 g - an amulet of reflection (around neck)
 k - a +4 ring of protection (left hand)
 l - a ring of resist corrosion
 o - a +4 ring of evasion (right hand)
 H - the ring "Unugraj" {Will+ Str-4 Dex+6 SInv Stlth+}
   (You found it in a Gauntlet)

   [ring of dexterity]

   Str:       It affects your strength (-4).
   Dex:       It affects your dexterity (+6).
   SInv:      It lets you see invisible.
   Will:      It increases your willpower.
   Stlth:     It makes you more stealthy.
Wands
 p - a wand of charming (3)
 r - a wand of polymorph (4)
 y - a wand of mindburst (17)
 E - a wand of iceblast (8)
Scrolls
 c - 5 scrolls of magic mapping
 f - 3 scrolls of poison
 i - a scroll of enchant armour
 j - 4 scrolls of teleportation
 s - 2 scrolls of identify
 D - 4 scrolls of fear
Potions
 d - 8 potions of curing
 m - 2 potions of brilliance
 n - 4 potions of heal wounds
 t - 4 potions of haste
 u - 2 potions of resistance
 v - 3 potions of cancellation
 w - 2 potions of berserk rage
 A - a potion of attraction
 F - 2 potions of mutation
Miscellaneous
 G - a condenser vane


   Skills:
 + Level 11.0 Fighting
 - Level 2.1 Dodging
 - Level 1.5 Stealth
 + Level 8.9 Spellcasting
 + Level 10.9 Invocations
 - Level 5.0 Evocations


You had 4 spell levels left.
You knew the following spells:

 Your Spells              Type           Power      Damage    Failure   Level
a - Sting                 Tmut/Pois      100%       1d8       1%          1
b - Poisonous Vapours     Pois/Air       100%       N/A       1%          2
c - Slow                  Hex            100%       N/A       1%          1
d - Vhi's Electric Charg  Tloc/Air       100%       N/A       1%          3
e - Blade Hands           Tmut           26%        N/A       4%          5
z - Mephitic Cloud        Conj/Pois/Air  69%        N/A       1%          3
A - Olgreb's Toxic Radia  Pois           69%        N/A       1%          4
B - Scorch                Fire           100%       2d10      1%          2
C - Frozen Ramparts       Ice            100%       1d16      1%          3
Your spell library was empty.

Dungeon Overview and Level Annotations

Branches:
Dungeon (11/15)            Temple (0/1) D:7            Lair (0/5) D:8
    Orc (0/2) D:10        Gauntlet (1/1)

Altars:
Cheibriados
Elyvilon
Hepliaklqana
Makhleb
Nemelex Xobeh
Okawaru
Qazlal
Ru
Trog
Uskayaw

Shops:
D:10 [

Annotations:
Gauntlet 10 transporters, exclusion: lightning spire


Innate Abilities, Weirdness & Mutations

You are immune to sickness and miasma.
You are immune to poison.
Your flesh is very heat resistant. (rF++)
You are vulnerable to cold. (rC-)
You float through the air rather than walking.
You learn spells naturally, not from books.
Your magical power is your life essence.
You have superior vitality. (+4 MHP)
[You are very weak. (Str -4)]
[You occasionally lose the ability to read scrolls when taking damage.]


Message History

Flames lash the minotaur but do no damage.
The minotaur hits you with the +6 quarterstaff of Diet Blood {speed, rElec rF++ Int-4 Dex+4}!
The minotaur gores you but does no damage.
The minotaur hits you with the +6 quarterstaff of Diet Blood {speed, rElec rF++ Int-4 Dex+4}!!
The minotaur barely misses you.
Casting: Scorch (safe; 1% risk of failure)
Confirm with . or Enter, or press ? or * to list all spells.
Flames lash the minotaur but do no damage.
Casting: Scorch (safe; 1% risk of failure)
Confirm with . or Enter, or press ? or * to list all spells.
Flames lash the minotaur but do no damage.
Casting: Scorch (safe; 1% risk of failure)
Confirm with . or Enter, or press ? or * to list all spells.
Flames lash the minotaur.
The minotaur resists.
The minotaur is lightly wounded.
Casting: Scorch (safe; 1% risk of failure)
Confirm with . or Enter, or press ? or * to list all spells.
Flames lash the minotaur but do no damage.
Casting: Scorch (safe; 1% risk of failure)
Confirm with . or Enter, or press ? or * to list all spells.
Flames lash the minotaur.
The minotaur resists.
The minotaur is moderately wounded.
The minotaur seems less confused.
The minotaur hits you with the +6 quarterstaff of Diet Blood {speed, rElec rF++ Int-4 Dex+4}!!
You feel threatened and lose the ability to read scrolls!
* * * LOW HITPOINT WARNING * * *
The minotaur gores you but does no damage.
Casting: Scorch (safe; 1% risk of failure)
Confirm with . or Enter, or press ? or * to list all spells.
Aiming: Mephitic Cloud (safe; 1% risk of failure)
Press: ? - help, Shift-Dir - straight line, f/p - minotaur
Aim: a minotaur, wielding the +6 quarterstaff of Diet Blood {speed, rElec rF++ Int-4 Dex+4}, wearing a +0 chain mail, wearing a ring of willpower and quivering silver javelins (lightly wounded, more vulnerable to fire, chance to affect: 34%)
You feel a surge of power!
The ball explodes into a vile cloud!
The stinking cloud engulfs the minotaur but does no damage.
The minotaur is lightly wounded.
The stinking cloud engulfs you but does no damage.
* * * LOW HITPOINT WARNING * * *
The minotaur is engulfed in noxious fumes.
The minotaur hits you with the +6 quarterstaff of Diet Blood {speed, rElec rF++ Int-4 Dex+4}!!
You die...

#.#..# #.#.#..# ## ##
.#.#.####.8.##...#
##.#.#©.....##.#.#
#.##.####.8....#.#
.##©##..#...##.#.#
######..#.8.##...# ⌠
.......≈#...##.#.##∩..
.......∩#.8....#@'....
.......≈#...##.#H##.⌠.
######..#.8.##..§# +#
©....#..#...##.#.#
..^#.####.8....#.#
..##.#©.....##.#.#
###^.####.8.# .
©....#..#...#
^##^.#..#≈8§#


You could see a minotaur (combustible).

Vanquished Creatures
  Gastronok (D:9)
  A great orb of eyes (Gauntlet)
  3 two-headed ogres
  A wretched star (Gauntlet)
  An ugly thing (Gauntlet)
  A smoke demon (Gauntlet)
  Joseph (D:9)
  A gargoyle (D:6)
  A kobold demonologist (D:6)
  A red devil (Gauntlet)
  2 hornets (D:8)
  4 dream sheep (D:7)
  4 shadows
  2 wyverns
  16 yaks
  Menkaure (D:7)
  A small abomination (Gauntlet)
  An acid dragon (D:10)
  4 ice beasts
  4 orc warriors
  A sky beast (D:7)
  2 ogres
  A black bear (D:5)
  2 centaurs (D:7)
  3 phantoms
  6 bullfrogs
  5 kobold brigands
  4 necrophages
  2 gnoll sergeants
  4 scorpions
  9 killer bees (D:10)
  3 howler monkeys
  4 crimson imps (Gauntlet)
  3 jellies
  8 orc priests
  2 hounds (D:5)
  6 iguanas
  14 orc wizards
  16 gnolls
  4 adders
  An ufetubus (D:5)
  4 worms
  A dart slug (D:1)
  48 orcs
  7 endoplasms
  5 giant cockroaches
  4 goblins
  11 hobgoblins
  3 quokkas
  5 ball pythons
  2 bats
  4 frilled lizards
  34 kobolds
  9 rats
288 creatures vanquished.

Vanquished Creatures (others)
  17 demonic plants (Gauntlet)
  5 fungi (D:8)
  4 plants (D:8)
26 creatures vanquished.

Grand Total: 314 creatures vanquished

Notes
Turn   | Place    | Note
-------+----------+-------------------------------------------
     0 | D:1      | zishaf the Djinni Venom Mage began the quest for the Orb.
     0 | D:1      | zishaf set off with the following spells memorised: Sting,
                  | Poisonous Vapours, Mephitic Cloud, Olgreb's Toxic Radiance.
     0 | D:1      | Reached XP level 1. HP: 15/15 MP: 0/0
   122 | D:1      | Found a faded altar of an unknown god.
   141 | D:1      | Prayed at the altar of an unknown god.
   141 | D:1      | Became a worshipper of Makhleb the Destroyer
   141 | D:1      | Reached * piety under Makhleb
   154 | D:1      | Reached XP level 2. HP: 16/22 MP: 0/0
   221 | D:1      | Reached skill level 1 in Fighting
   478 | D:1      | Reached XP level 3. HP: 27/27 MP: 0/0
   478 | D:1      | Learned a level 1 spell: Slow
   518 | D:1      | Reached skill level 1 in Invocations
   871 | D:2      | Reached ** piety under Makhleb
   894 | D:2      | Reached skill level 2 in Fighting
   894 | D:2      | Reached XP level 4. HP: 19/33 MP: 0/0
  1765 | D:3      | Found a burning altar of Makhleb.
  1765 | D:3      | Noticed a cacodemon
  1775 | D:3      | Reached XP level 5. HP: 29/38 MP: 0/0
  1775 | D:3      | Learned a level 2 spell: Scorch
  1990 | D:3      | Reached skill level 3 in Fighting
  1990 | D:3      | Reached XP level 6. HP: 39/46 MP: 0/0
  2085 | D:3      | Reached *** piety under Makhleb
  2726 | D:4      | Reached XP level 7. HP: 41/51 MP: 0/0
  2726 | D:4      | Learned a level 3 spell: Vhi's Electric Charge
  2789 | D:4      | Found a bloodstained altar of Trog.
  2789 | D:4      | Found a hide-covered altar of Uskayaw.
  2965 | D:4      | Found a stormy altar of Qazlal.
  3059 | D:4      | Reached skill level 4 in Fighting
  3137 | D:5      | Entered Level 5 of the Dungeon
  3977 | D:5      | Reached XP level 8. HP: 57/58 MP: 0/0
  4122 | D:5      | Reached skill level 5 in Fighting
  4143 | D:5      | Reached skill level 5 in Invocations
  4560 | D:5      | Reached **** piety under Makhleb
  4667 | D:6      | Reached skill level 5 in Spellcasting
  4763 | D:6      | Found a sacrificial altar of Ru.
  4919 | D:6      | Noticed a gargoyle
  4931 | D:6      | Killed a gargoyle
  4932 | D:6      | Reached skill level 6 in Fighting
  4932 | D:6      | Reached XP level 9. HP: 9/66 MP: 0/0
  4932 | D:6      | Learned a level 3 spell: Frozen Ramparts
  5130 | D:6      | Noticed a two-headed ogre
  5164 | D:6      | Killed a two-headed ogre
  5255 | D:6      | Noticed a kobold demonologist
  5269 | D:6      | Noticed an orange demon
  5274 | D:6      | Noticed a hellwing
  5280 | D:6      | Killed a kobold demonologist
  5281 | D:6      | Reached skill level 7 in Fighting
  5489 | D:6      | Reached XP level 10. HP: 64/75 MP: 0/0
  5525 | D:6      | Found an iron altar of Okawaru.
  5717 | D:6      | Found a sparkling altar of Nemelex Xobeh.
  6278 | D:7      | Reached skill level 8 in Fighting
  6578 | D:7      | Found the +5 robe of Night {Dark Will+ SInv}
  6649 | D:7      | Found a staircase to the Ecumenical Temple.
  6676 | D:7      | Noticed Menkaure
  6680 | D:7      | Killed Menkaure
  6839 | D:7      | Reached ***** piety under Makhleb
  6880 | D:7      | Found a snail-covered altar of Cheibriados.
  7113 | D:7      | Found a hazy altar of Hepliaklqana.
  7130 | D:7      | Reached skill level 9 in Fighting
  7324 | D:8      | Reached XP level 11. HP: 75/84 MP: 0/0
  7324 | D:8      | Learned a level 5 spell: Blade Hands
  7335 | D:8      | Reached skill level 1 in Evocations
  7709 | D:8      | Found a staircase to the Lair.
  8186 | D:9      | Noticed Joseph
  8202 | D:9      | Killed Joseph
  8855 | D:9      | Noticed Gastronok
  8885 | D:9      | Killed Gastronok
  8886 | D:9      | Reached skill level 10 in Fighting
  8886 | D:9      | Reached skill level 10 in Invocations
  9274 | D:9      | Found a white marble altar of Elyvilon.
  9285 | D:10     | Entered Level 10 of the Dungeon
  9310 | D:10     | Noticed a two-headed ogre
  9328 | D:10     | Killed a two-headed ogre
  9400 | D:10     | Reached XP level 12. HP: 90/91 MP: 0/0
  9731 | D:10     | Found Pydeufar's Armour Shoppe.
  9737 | D:10     | Bought the +1 pair of gloves of Nettaopt {rElec Regen+
                  | Int+2} for 360 gold pieces
  9827 | D:10     | Reached ****** piety under Makhleb
  9906 | D:10     | Identified the +10 morningstar "Pirhuaji" {vorpal, rF++
                  | Int+4}
  9999 | D:10     | Found a staircase to the Orcish Mines.
 10348 | D:10     | Reached skill level 5 in Evocations
 10442 | D:11     | Noticed a two-headed ogre
 10452 | D:11     | Killed a two-headed ogre
 10475 | D:11     | Found a gate leading to a gauntlet.
 10480 | Gauntlet | Entered a Gauntlet
 10480 | Gauntlet | Found a transporter.
 10480 | Gauntlet | Found a transporter.
 10489 | Gauntlet | Noticed a reaper
 10491 | Gauntlet | Found a transporter.
 10495 | Gauntlet | Noticed a hell hog
 10516 | Gauntlet | Found a transporter.
 10531 | Gauntlet | Found a transporter.
 10534 | Gauntlet | Found a transporter.
 10534 | Gauntlet | Noticed a great orb of eyes
 10556 | Gauntlet | Found a transporter.
 10580 | Gauntlet | Found a transporter.
 10613 | Gauntlet | Found a transporter.
 10621 | Gauntlet | Found a transporter.
 10636 | Gauntlet | Noticed a wretched star
 10643 | Gauntlet | Found a transporter.
 10650 | Gauntlet | Found a transporter.
 10738 | Gauntlet | Found a transporter.
 10746 | Gauntlet | Found a transporter.
 10768 | Gauntlet | Found a transporter.
 10775 | Gauntlet | Found a transporter.
 11018 | Gauntlet | Killed a wretched star
 11106 | Gauntlet | Killed a great orb of eyes
 11107 | Gauntlet | Reached skill level 11 in Fighting
 11119 | Gauntlet | Identified the ring "Unugraj" {Will+ Str-4 Dex+6 SInv
                  | Stlth+}
 11143 | Gauntlet | Identified the +6 quarterstaff of Diet Blood {speed, rElec
                  | rF++ Int-4 Dex+4}
 11143 | Gauntlet | Noticed a minotaur
 11156 | Gauntlet | Mangled by a minotaur

Illustrated notes

Levels and vault maps discovered:
D:1:      nzn_arrival_crosshair, layout_rooms,
          hellmonk_ecumenical_altar_lost_god, st_stairs_4, minmay_bisected
D:2:      layout_rooms, serial_aquarium, aquarium_bridge_straight
          [aquarium_subvault_bridge, aquarium_subvault_wall,
          aquarium_subvault_bridge, aquarium_subvault_wall], aquarium_window_1,
          aquarium_window_3, aquarium_window_corner, aquarium_view_2b,
          aquarium_view_2c, aquarium_balcony_5b, aquarium_pool_S,
          minmay_nonomino_d4
D:3:      layout_loops_ring, makhleb_altar_promises_db, dk_noncrumbling_4
D:4:      layout_gridville, mainiacjoe_overflow_catwalk,
          gammafunk_temple_overflow_statue
D:5:      layout_basic
D:6:      layout_rooms, nicolae_ru_sacrificial_ziggurat, lemuel_doored_altar,
          okawaru_gym_becter, chequers_serial_rivers_small_b, kb_rosetta
D:7:      layout_loops_ring, kennysheep_mini, mainiacjoe_overflow_tiny_flanked,
          vehumet_crystals, minmay_temple_entry_large_hall,
          hellmonk_guarded_unrand_night, uniq_menkaure
D:8:      layout_rooms, grunt_lair_entry_orc_guard_hut
D:9:      layout_cave_pods, mainiacjoe_overflow_surrounded_room, uniq_joseph,
          uniq_gastronok
D:10:     layout_long_grid, erik_orc_3, serial_shops, shop, grunt_ministairs_11,
          chequers_serial_rivers_large_a
D:11:     layout_stronghold, gammafunk_ghost_smash, gauntlet_entry_generic,
          eat_drink_and_be_merry_uskayaw
Gauntlet: gammafunk_gauntlet_branching [nicolae_gauntlet_arena_blocks,
          nicolae_gauntlet_swirl, gammafunk_gauntlet_arena_hedges,
          nicolae_gauntlet_arena_t_cross,
          gammafunk_gauntlet_arena_split_diamond,
          gammafunk_gauntlet_arena_chambers, gammafunk_gauntlet_arena_split_x,
          gammafunk_gauntlet_arena_spirals, gauntlet_exit_hidden_loot]

Skill      XL: |  1  2  3  4  5  6  7  8  9 10 11 12 |
---------------+-------------------------------------+-----
Fighting       | 1 2 3 4 6 7 9 10 11 | 11.0
Invocations    | 1 2 3 4 6 7 8 10 | 10.9
Spellcasting   | 3 4 5 6 7 8 |  8.9
Evocations     | 4 5 |  5.0
Dodging        | |  2.1
Stealth        | |  1.5

Action                   |  1- 3 |  4- 6 |  7- 9 | 10-12 || total
-------------------------+-------+-------+-------+-------++-------
Melee: Dagger            |       |     3 |    33 |   177 ||   213
       Punch             |       |       |       |     2 ||     2
       Morningstar       |       |       |       |    19 ||    19
       Staff             |       |       |       |     1 ||     1
 Cast: Sting             |    76 |    82 |       |       ||   158
       Scorch            |       |    27 |    85 |   152 ||   264
       Poisonous Vapours |       |    12 |    32 |    50 ||    94
       Mephitic Cloud    |       |     1 |     8 |    12 ||    21
       Vhi's Electric Ch |       |       |     2 |     1 ||     3
       Olgreb's Toxic Ra |       |       |     1 |    33 ||    34
       Frozen Ramparts   |       |       |       |     7 ||     7
       Slow              |       |       |       |     3 ||     3
  Use: Scroll            |       |       |    14 |     9 ||    23
 Stab: Confused          |       |       |     1 |     1 ||     2
       Sleeping          |       |       |       |     1 ||     1
Armor: Robe              |     5 |    15 |    25 |    78 ||   123
Dodge: Dodged            |    11 |    34 |    54 |   170 ||   269
Block: Other             |       |       |       |    55 ||    55
       Reflection        |       |       |       |     2 ||     2

Table legend: (Time is in decaauts)
 A = Elapsed time spent in this place.
 B = Non-inter-level travel time spent in this place.
 C = Inter-level travel time spent in this place.
 D = Time resting spent in this place.
 E = Time spent auto-exploring this place.
 F = Levels seen in this place.
 G = Mean time per level.
                   A        B        C        D        E       F      G
               +--------+--------+--------+--------+--------+-----+--------+
         Total |  11165 |  10820 |    345 |    876 |   7720 |  12 |  930.4 |
       Dungeon |  10488 |  10143 |    345 |    830 |   7428 |  11 |  953.5 |
      Gauntlet |    676 |    676 |      0 |     46 |    292 |   1 |  676.0 |
               +--------+--------+--------+--------+--------+-----+--------+

Top non-repeatable levels by time:
     D:6: 1549 daAuts
     D:5: 1368 daAuts
    D:10: 1161 daAuts
     D:9: 1148 daAuts
     D:7: 1001 daAuts
     D:2: 998 daAuts
     D:8: 866 daAuts
     D:3: 815 daAuts
     D:1: 808 daAuts
     D:4: 729 daAuts
Gauntlet: 676 daAuts
    D:11: 40 daAuts
